 Dungeon Crawl Stone Soup version 0.19.1 (webtiles) character file.

5612 Darkmans the Unseen (level 10, -13/46 HPs)
             Began as a Spriggan Assassin on Dec 11, 2016.
             Was a Believer of Dithmenos.
             Mangled by a swamp worm (shapeshifter) (25 damage)
             ... on level 11 of the Dungeon.
             The game lasted 00:37:51 (14013 turns).

Darkmans the Unseen (Spriggan Assassin)            Turns: 14013, Time: 00:37:52

Health: -13/46     AC:  3    Str: 11    XL:     10   Next: 45%
Magic:  0/11       EV: 24    Int: 14    God:    Dithmenos [**....]
Gold:   616        SH:  6    Dex: 20    Spells: 0 memorised, 9 levels left

rFire  . . .     SeeInvis +     a - +2 dagger
rCold  . . .     Gourm    .     C - +0 robe "Ywkat" {*Slow rElec rN+ Str+4}
rNeg   + + .     Faith    .     v - +0 buckler
rPois  .         Spirit   +     (helmet restricted)
rElec  +         Reflect  .     d - +0 cloak
rCorr  .         Harm     .     (gloves unavailable)
MR     +....                    (boots unavailable)
Stlth  +++++++++.               o - amulet of guardian spirit
                                y - ring of positive energy
                                u - +4 ring of evasion

@: wreathed by umbra, very quick
A: unfitting armour, see invisible, herbivore 3, speed 3, slow metabolism 2
a: Shadow Step, Renounce Religion


You were on level 11 of the Dungeon.
You worshipped Dithmenos.
Dithmenos was pleased with you.
You were not hungry.

You visited 2 branches of the dungeon, and saw 12 of its levels.
You also visited: Sewer.

You collected 680 gold pieces.
You spent 64 gold pieces at shops.

Inventory:

Hand Weapons
 a - a +2 dagger (weapon)
 b - a +0 blowgun
Missiles
 e - 15 poisoned needles
Armour
 d - a +0 cloak (worn)
 v - a +0 buckler (worn)
 C - the +0 robe "Ywkat" (worn) {*Slow rElec rN+ Str+4}
   (You found it on level 7 of the Dungeon)

   It affects your strength (+4).
   It insulates you from electricity.
   It protects you from negative energy.
   It may slow you when you take damage.
Jewellery
 o - an amulet of guardian spirit (around neck)
 t - an uncursed amulet of magic regeneration
 u - a +4 ring of evasion (left hand)
 y - a ring of positive energy (right hand)
 M - an uncursed ring of ice
Wands
 h - a wand of lightning (0/15)
 G - a wand of iceblast (8/15)
 I - a wand of enslavement (6/24)
Scrolls
 j - 6 scrolls of teleportation
 l - a scroll of blinking
 q - a scroll of fear {unknown}
 r - 2 scrolls of magic mapping {unknown}
 s - a scroll of remove curse
 w - 5 scrolls of amnesia {unknown}
 z - 2 scrolls of immolation {unknown}
 D - a scroll of vulnerability {unknown}
 H - a scroll of summoning {unknown}
 L - a scroll of random uselessness {unknown}
 O - a scroll of recharging
 P - a scroll of enchant armour {unknown}
Potions
 i - a potion of curing
 k - a potion of flight {unknown}
 m - 2 potions of haste {unknown}
 p - a potion of beneficial mutation {unknown}
 x - 3 potions of magic
 A - 2 potions of brilliance
 B - a potion of ambrosia {unknown}
 E - 2 potions of invisibility {unknown}
 J - a potion of heal wounds {unknown}
 K - a potion of lignification {unknown}
Miscellaneous
 c - a box of beasts
 N - a sack of spiders
Comestibles
 g - 2 bread rations
 n - 2 slices of pizza
 F - a royal jelly


   Skills:
 - Level 1.5 Fighting
 - Level 11.5 Short Blades
 - Level 2.0 Throwing
 * Level 5.0 Dodging
 + Level 16.8 Stealth


You had 9 spell levels left.
You didn't know any spells.

Dungeon Overview and Level Annotations

Branches:
Dungeon (11/15)            Temple (1/1) D:7            Lair (0/6) D:10
    Orc: D:9-12

Altars:
Ashenzari
Cheibriados
Dithmenos
Elyvilon
Fedhas
Gozag
Hepliaklqana
Kikubaaqudgha
Makhleb
Nemelex Xobeh
Okawaru
Qazlal
Ru
Sif Muna
Trog
Uskayaw
Vehumet
Xom
Yredelemnul
Zin
The Shining One

Shops:
D:8 %   D:10 ?

Annotations:
D:4 Darts's ghost, amateur OpIE
D:5 Darkmans's ghost, novice SpAs
D:6 ! Hill Orc Army, Pelerin's ghost, novice HOFi
D:7 Punchie's ghost, novice HuFi
D:10 Kave's ghost, novice TrTm


Innate Abilities, Weirdness & Mutations

You are very small and have problems with some larger weapons.
You are too small for most types of armour.
You have supernaturally acute eyesight. (SInv)
You are a herbivore.
You cover ground extremely quickly.
You need consume almost no food.


Message History

You miss the swamp worm.
The swamp worm is severely wounded.
Your shield prevents you from hitting the swamp worm.
The swamp worm is severely wounded.
The swamp worm bites you!!
* * * LOW HITPOINT WARNING * * *
You hit the swamp worm.
The swamp worm is almost dead.
The swamp worm closely misses you.
You closely miss the swamp worm.
The swamp worm is almost dead.
You feel better. The swamp worm closely misses you.
You closely miss the swamp worm.
The swamp worm is almost dead.
The swamp worm closely misses you.
You hit the swamp worm but do no damage.
The swamp worm is almost dead.
The swamp worm bites you!!
Ouch! That really hurt!
You die...

### ##.## #
##...###.#
#.....@w.#
##...#####
##.######
##......#..
#..........
#..####.###
#..# ..
#..# #).#


You could see a swamp worm shaped shifter.

Vanquished Creatures
  A manticore (D:10)
  Maurice (D:9)
  A hornet (D:7)
  2 hippogriffs (D:10)
  A wyvern (D:8)
  A wraith (D:10)
  Edmund (D:5)
  A soldier ant (D:7)
  A water moccasin (D:8)
  2 orc warriors
  5 sky beasts
  2 black bears
  A hornet zombie (D:8)
  4 ogres
  2 centaurs (D:10)
  A crocodile (D:7)
  9 bullfrogs
  3 scorpions
  A killer bee (D:10)
  3 howler monkeys (D:8)
  4 wights (D:8)
  A crimson imp (D:5)
  A bullfrog zombie (D:4)
  3 hounds
  2 orc priests
  4 jellies
  A centaur skeleton (D:9)
  5 orc wizards
  17 worker ants
  A hound zombie (D:5)
  A hound skeleton (D:4)
  3 worker ant zombies
  3 river rats
  5 adders
  A howler monkey skeleton (D:8)
  A shadow imp (D:7)
  7 oozes
  An adder zombie (D:4)
  2 adder skeletons (D:4)
  A worm (D:3)
  A dart slug (D:1)
  5 leopard geckos
  17 orcs
  8 giant cockroaches
  5 goblins
  3 hobgoblins
  7 jackals
  A quokka (D:5)
  2 ball pythons
  13 bats
  A frilled lizard (D:2)
  A giant cockroach zombie (D:4)
  A jackal zombie (D:7)
  2 kobolds (D:2)
  A leopard gecko zombie (D:7)
  A quokka zombie (D:8)
  14 rats
  A butterfly (D:7)
191 creatures vanquished.

Vanquished Creatures (others)
  20 fungi (D:10)
  12 plants (D:10)
32 creatures vanquished.

Grand Total: 223 creatures vanquished

Notes
Turn   | Place    | Note
-------+----------+-------------------------------------------
     0 | D:1      | Darkmans the Spriggan Assassin began the quest for the Orb.
     0 | D:1      | Reached XP level 1. HP: 10/10 MP: 2/2
    77 | D:1      | Reached skill level 6 in Stealth
   445 | D:1      | Reached XP level 2. HP: 13/14 MP: 3/3
  1028 | D:2      | Reached XP level 3. HP: 18/18 MP: 4/4
  1031 | D:2      | Reached skill level 7 in Stealth
  2007 | D:3      | Found a glowing drain.
  2202 | Sewer    | Entered a sewer
  2669 | D:3      | Reached XP level 4. HP: 15/22 MP: 3/5
  3259 | D:4      | Reached skill level 8 in Stealth
  3306 | D:4      | Reached XP level 5. HP: 18/25 MP: 6/6
  3448 | D:4      | Noticed Darts's ghost (amateur OpIE)
  3849 | D:4      | Reached skill level 9 in Stealth
  4137 | D:4      | Reached skill level 5 in Short Blades
  4137 | D:4      | Reached XP level 6. HP: 30/30 MP: 7/7
  4489 | D:5      | Entered Level 5 of the Dungeon
  4765 | D:5      | Noticed Darkmans's ghost (novice SpAs)
  4889 | D:5      | Noticed Edmund
  5116 | D:5      | Killed Edmund
  5116 | D:5      | Reached skill level 10 in Stealth
  5291 | D:6      | Reached XP level 7. HP: 33/33 MP: 8/8
  5299 | D:6      | Noticed Pelerin's ghost (novice HOFi)
  5322 | D:7      | Noticed a hornet
  5323 | D:7      | Killed a hornet
  5330 | D:7      | Reached skill level 11 in Stealth
  5360 | D:7      | Noticed Punchie's ghost (novice HuFi)
  5513 | D:7      | Got a creamy pearl robe
  5524 | D:7      | Identified the +0 robe "Ywkat" {*Slow rElec rN+ Str+4} (You found it on level 7 of the Dungeon)
  5823 | D:7      | Found a staircase to the Ecumenical Temple.
  5972 | D:7      | Reached XP level 8. HP: 11/37 MP: 5/9
  6454 | D:7      | Reached skill level 12 in Stealth
  6468 | D:7      | Found a runed door.
  6552 | D:7      | Found a runed door.
  7324 | D:7      | Reached skill level 13 in Stealth
  7432 | Temple   | Entered the Ecumenical Temple
  7538 | Temple   | Became a worshipper of Dithmenos the Shadowed
  7714 | D:8      | Noticed a troll
  7809 | D:8      | Found Subuishu's Food Shop.
  8137 | D:8      | Reached XP level 9. HP: 41/41 MP: 10/10
  8335 | D:8      | Reached skill level 14 in Stealth
  8727 | D:8      | Reached * piety under Dithmenos
  9650 | D:8      | Reached skill level 10 in Short Blades
 10264 | D:9      | Noticed Maurice
 10270 | D:9      | Killed Maurice
 10270 | D:9      | Reached skill level 15 in Stealth
 11121 | D:10     | Entered Level 10 of the Dungeon
 11327 | D:10     | Noticed a manticore
 11333 | D:10     | Killed a manticore
 11333 | D:10     | Reached XP level 10. HP: 46/46 MP: 11/11
 11408 | D:10     | Reached skill level 16 in Stealth
 11525 | D:10     | Noticed Kave's ghost (novice TrTm)
 11711 | D:10     | Reached ** piety under Dithmenos
 12305 | D:10     | Found Tixuor's Magic Scroll Shop.
 12308 | D:10     | Bought a scroll of identify for 32 gold pieces
 12312 | D:10     | Bought a scroll of identify for 32 gold pieces
 13320 | D:10     | Found a staircase to the Lair.
 13338 | D:10     | Noticed a hill giant
 13697 | D:10     | Noticed a tengu warrior
 13938 | D:11     | Reached skill level 5 in Dodging
 13953 | D:11     | Noticed a glowing orange brain
 13967 | D:11     | Noticed a faun
 13967 | D:11     | a glowing orange brain changed into a faun
 13978 | D:11     | a faun changed into a swamp worm
 14008 | D:11     | HP: 1/46 [swamp worm (shapeshifter) (17)]
 14013 | D:11     | Mangled by a swamp worm (shapeshifter)

Skill      XL: |  1  2  3  4  5  6  7  8  9 10 |
---------------+-------------------------------+-----
Stealth        | 6 7 8 9 10 11 13 15 16 | 16.8
Short Blades   | 3 4 5 7 9 11 | 11.5
Dodging        | 5 |  5.0
Fighting       | |  1.5
Throwing       | |  2.0

Action                   |  1- 3 |  4- 6 |  7- 9 | 10-12 || total
-------------------------+-------+-------+-------+-------++-------
Melee: Dagger            |   124 |   131 |   681 |   394 ||  1330
 Fire: Blowgun           |    10 |    22 |    25 |    23 ||    80
  Use: Scroll            |     2 |     2 |     4 |     3 ||    11
       Potion            |     1 |       |       |     2 ||     3
 Stab: Sleeping          |    16 |     9 |    30 |     8 ||    63
       Distracted        |       |     1 |     2 |     2 ||     5
  Eat: Bread ration      |       |     1 |     1 |       ||     2
Armor: Robe              |    16 |     9 |    25 |    25 ||    75
Dodge: Dodged            |    87 |    67 |   321 |   345 ||   820
Block: Buckler           |     4 |    30 |   111 |    89 ||   234
